 Dungeon Crawl Stone Soup version 0.30-a0-29-g142975f185 (webtiles) character file.

Game seed: 6851328127036339411

148 Plasmagod the Magician (level 5, 0/35 HPs)
             Began as a Djinni Ice Elementalist on Aug 26, 2022.
             Slain by a phantom (4 damage)
             ... on level 5 of the Dungeon.
             The game lasted 00:07:10 (2979 turns).

Plasmagod the Magician (Djinni Ice Elementalist)    Turns: 2979, Time: 00:07:11

Health: 0/35       AC:  9    Str:  7    XL:     5   Next: 56%
Gold:   147        EV: 12    Int: 18    God:
                   SH:  0    Dex: 14

rFire   + . .      SeeInvis .    (no weapon)
rCold   . . .      Faith    .    (no shield)
rNeg    . . .      Spirit   .    a - +0 robe
rPois   ∞          Reflect  .    (no helmet)
rElec   .          Harm     .    (no cloak)
rCorr   .          Rampage  .    (no gloves)
Will    .....                    (boots unavailable)
Stlth   ++........               (no amulet)
HPRegen 0.11/turn                f - ring of ice
MPRegen 0.00/turn                (no ring)

@: ice-armoured, freezing walls, flying
A: sickness immunity, fire resistance 2, cold vulnerability 1, float, innate
caster, HP casting, extra vitality 1
a: no special abilities


You were on level 5 of the Dungeon.
You visited 1 branch of the dungeon, and saw 4 of its levels.

You collected 147 gold pieces.

Inventory:

Armour
 a - a +0 robe (worn)
Jewellery
 f - a ring of ice (left hand)
Scrolls
 b - a scroll of magic mapping {unknown}
 c - a scroll of torment {unknown}
 e - a scroll of fear {unknown}
 g - a scroll of noise {unknown}
 i - 2 scrolls of poison {unknown}
 j - a scroll of enchant armour {unknown}
 l - a scroll of teleportation {unknown}
 m - a scroll of immolation {unknown}
 n - a scroll of butterflies {unknown}
Potions
 d - a potion of flight {unknown}
 h - a potion of haste {unknown}
 k - 2 potions of degeneration {unknown}
 o - a potion of might {unknown}


   Skills:
 - Level 2.1 Dodging
 - Level 1.5 Stealth
 + Level 5.0 Spellcasting


You couldn't memorise any spells.
You knew the following spells:

 Your Spells              Type           Power      Damage    Failure   Level
a - Freeze                Ice            100%       1d11      1%          1
b - Frozen Ramparts       Ice            68%        1d11      4%          3
c - Ozocubu's Armour      Ice            34%        N/A       4%          3
d - Hailstorm             Conj/Ice       34%        3d9       16%         4
e - Slow                  Hex            88%        N/A       1%          1
f - Static Discharge      Conj/Air       44%        3-6/arc   2%          2
Your spell library was empty.

Dungeon Overview and Level Annotations

Branches:
Dungeon (3/15)

Altars:

Shops:
D:2 *[


Innate Abilities, Weirdness & Mutations

You are immune to sickness and miasma.
You are immune to poison.
Your flesh is very heat resistant. (rF++)
You are vulnerable to cold. (rC-)
You float through the air rather than walking.
You learn spells naturally, not from books.
Your magical power is your life essence.
You have superior vitality. (+4 MHP)


Message History

Aiming: Freeze (safe; 1% risk of failure)
Press: ? - help, Shift-Dir - straight line, f - phantom
Aim: a phantom (heavily damaged)
You feel a surge of power!
You freeze the phantom.
The phantom resists.
The phantom is heavily damaged.
* * * LOW HITPOINT WARNING * * *
The wall freezes the scorpion.
You kill the scorpion!
The phantom resists.
The wall freezes the phantom.
The phantom closely misses you.
Your Spellcasting skill increases to level 5!
You have reached level 5!
The power to cast Static Discharge wells up from within.
Spell assigned to 'f'.
Casting: Freeze (safe; 1% risk of failure)
Confirm with . or Enter, or press ? or * to list all spells.
Aiming: Freeze (safe; 1% risk of failure)
Press: ? - help, Shift-Dir - straight line, f/p - phantom
Aim: a phantom (heavily damaged)
Okay, then.
Press: ? - help, v - describe, . - travel
Here: a phantom (heavily damaged)
The floor.
A phantom is nearby!
Press: ? - help, v - describe, . - travel
Here: a phantom (heavily damaged)
The floor.
You hit the phantom but do no damage.
The phantom is heavily damaged.
The phantom completely resists.
The wall freezes the phantom but does no damage.
The phantom hits you but does no damage.
You miss the phantom.
The phantom is heavily damaged.
The wall freezes the phantom but does no damage.
The phantom hits you but does no damage.
You closely miss the phantom.
The phantom is heavily damaged.
The phantom resists.
The wall freezes the phantom.
The phantom hits you.
You die...

#.##.......#.
#.##.......#$
###.##......©#$
#...#######..#$
#.### ..#.
#.#### .#8
#....# ####.#
#@# #W# #†#
####.#
#....####
#.###...#
#.###.#.###
#.........#
#####)###..#


You could see a phantom.

Vanquished Creatures
  A scorpion (D:5)
  2 adders
  An ufetubus (D:5)
  2 worms
  A dart slug (D:2)
  6 orcs
  7 bats
  3 endoplasms
  4 hobgoblins
  3 quokkas
  5 ball pythons
  A frilled lizard (D:2)
  7 goblins
  9 kobolds
  A rat (D:1)
53 creatures vanquished.

Notes
Turn   | Place    | Note
-------+----------+-------------------------------------------
     0 | D:1      | Plasmagod the Djinni Ice Elementalist began the quest for
                  | the Orb.
     0 | D:1      | Plasmagod set off with the following spells memorised:
                  | Freeze, Frozen Ramparts, Ozocubu's Armour, Hailstorm.
     0 | D:1      | Reached XP level 1. HP: 15/15 MP: 0/0
   280 | D:1      | Reached XP level 2. HP: 21/21 MP: 0/0
  1088 | D:1      | Reached XP level 3. HP: 24/25 MP: 0/0
  1088 | D:1      | Learned a level 1 spell: Slow
  1467 | D:2      | Found Acwaarhu's General Store.
  1501 | D:2      | Reached skill level 4 in Spellcasting
  1571 | D:2      | Found Wooqybusk's Armour Shop.
  2288 | D:3      | Reached XP level 4. HP: 21/31 MP: 0/0
  2912 | D:3      | You are sucked into a shaft and drop 2 floors!
  2912 | D:5      | Entered Level 5 of the Dungeon
  2914 | D:5      | Noticed a scorpion
  2955 | D:5      | Noticed a phantom
  2957 | D:5      | Noticed a scorpion
  2976 | D:5      | Killed a scorpion
  2977 | D:5      | Reached skill level 5 in Spellcasting
  2977 | D:5      | Reached XP level 5. HP: 3/35 MP: 0/0
  2977 | D:5      | Learned a level 2 spell: Static Discharge
  2979 | D:5      | Slain by a phantom

Illustrated notes

Levels and vault maps discovered:
D:1:      tarquinn_simple_flora_water_e, layout_loops_corners,
          minmay_misc_feat_tiny
D:2:      layout_rooms, serial_shops, shop, nicolae_diamond_shop
D:3:      layout_rooms, led_xom_imps, hellmonk_ecumenical_altar_crossroads
D:5:      layout_basic, mainiacjoe_overflow_alcove_4,
          mainiacjoe_overflow_brackets, gammafunk_ghost_arena, minmay_checkerbox

Skill      XL: |  1  2  3  4 |
---------------+-------------+-----
Spellcasting   | 4 5 |  5.0
Dodging        | |  2.1
Stealth        | |  1.5

Action                   |  1- 3 |  4- 6 || total
-------------------------+-------+-------++-------
Melee: Unarmed           |       |     3 ||     3
 Cast: Freeze            |    54 |    40 ||    94
       Frozen Ramparts   |     1 |     2 ||     3
       Ozocubu's Armour  |     1 |     1 ||     2
Armor: Robe              |    10 |     8 ||    18
Dodge: Dodged            |    21 |    27 ||    48

Table legend: (Time is in decaauts)
 A = Elapsed time spent in this place.
 B = Non-inter-level travel time spent in this place.
 C = Inter-level travel time spent in this place.
 D = Time resting spent in this place.
 E = Time spent auto-exploring this place.
 F = Levels seen in this place.
 G = Mean time per level.
                   A        B        C        D        E       F      G
               +--------+--------+--------+--------+--------+-----+--------+
         Total |   2978 |   2912 |     66 |    129 |   2389 |   4 |  744.5 |
       Dungeon |   2978 |   2912 |     66 |    129 |   2389 |   4 |  744.5 |
               +--------+--------+--------+--------+--------+-----+--------+

Top non-repeatable levels by time:
     D:1: 1445 daAuts
     D:2: 900 daAuts
     D:3: 566 daAuts
     D:5: 66 daAuts
